 Dungeon Crawl Stone Soup version 0.16-a0-2675-g216447c (console) character file.

7545 utis the Thaumaturge (level 10, -1/64 HPs)
             Began as a Deep Elf Earth Elementalist on Nov 24, 2014.
             Was a High Priest of Vehumet.
             Slain by a troll (8 damage)
             ... on level 9 of the Dungeon.
             The game lasted 00:50:10 (19136 turns).

utis the Thaumaturge (Deep Elf Earth Elementalist) Turns: 19136, Time: 00:50:10

Health: -1/64      AC:  7    Str:  8    XL:     10   Next: 96%
Magic:  41/41      EV: 12    Int: 21    God:    Vehumet [*****.]
Gold:   159        SH:  0    Dex: 15    Spells: 11 memorised, 5 levels left

rFire  . . .     SeeInvis .     a - +1 dagger (elec) {=f}
rCold  . . .     Clarity  .     S - +0 ring mail (curse)
rNeg   . . .     SustAb   .     (no shield)
rPois  +         Gourm    .     H - +1 helmet (curse)
rElec  .         Spirit   .     (no cloak)
rCorr  .         Warding  .     (no gloves)
rMut   .         Stasis   .     (no boots)
MR     +....                    (no amulet)
Stlth  +.........               n - ring of poison resistance
                                v - ring of magical power

@: repel missiles, somewhat resistant to hostile enchantments, very unstealthy
A: no striking features
a: Renounce Religion


You were on level 9 of the Dungeon.
You worshipped Vehumet.
Vehumet was extremely pleased with you.
You were not hungry.

You visited 1 branch of the dungeon, and saw 9 of its levels.

You collected 513 gold pieces.
You spent 354 gold pieces at shops.

Inventory:

Hand weapons
 a - a +1 dagger of electrocution (weapon) {=f}
 c - a +0 blowgun
 h - a +0 quarterstaff
 B - a +3 dagger of venom {=f}
 D - a cursed -2 quarterstaff
 U - a +2 antimagic dagger
Missiles
 b - 234 stones {=f}
 u - 23 sling bullets
 y - 7 tomahawks (quivered)
 z - 19 poisoned needles
Armour
 o - a +0 ring mail
 C - a +0 robe
 G - a +3 leather armour of cold resistance
 H - a cursed +1 helmet (worn)
 S - a cursed +0 ring mail (worn)
Jewellery
 n - a ring of poison resistance (right hand)
 v - a ring of magical power (left hand)
Magical devices
 M - a wand of disintegration (5)
 R - a wand of disintegration (15)
Scrolls
 t - 4 scrolls of remove curse
 w - a scroll of enchant armour
 x - a scroll of amnesia
 A - 2 scrolls of magic mapping
 I - a scroll of fear {!r}
 O - 2 scrolls of identify
 Q - a scroll of enchant weapon
 T - a scroll of fog {unknown}
Potions
 f - 4 potions of agility
 g - a potion of flight
 j - 3 potions of haste
 k - a potion of curing
 p - 2 potions of resistance
 r - 2 potions of might
 s - a potion of brilliance
 E - a potion of heal wounds
 F - a potion of lignification
 N - a potion of cancellation
 V - a potion of beneficial mutation {unknown}
Books
 d - a book of Geomancy

   Spells                             Type                      Level
   *Sandblast                         Earth                        1
   *Stoneskin                         Transmutation/Earth          2
   *Passwall                          Transmutation/Earth          3
   *Stone Arrow                       Conjuration/Earth            3
   *Petrify                           Transmutation/Earth          4
   Lee's Rapid Deconstruction         Earth                        5
 K - the Guide on the Volcanoes
   (You found it on level 7 of the Dungeon)

   Spells                             Type                      Level
   Flame Tongue                       Conjuration/Fire             1
   Throw Flame                        Conjuration/Fire             2
   Bolt of Fire                       Conjuration/Fire             6
   Ring of Flames                     Charms/Fire                  7
 P - a book of Beasts

   Spells                             Type                      Level
   Summon Butterflies                 Summoning                    1
   Call Canine Familiar               Summoning                    3
   Summon Ice Beast                   Ice/Summoning                4
   Summon Mana Viper                  Hexes/Summoning              5
   Monstrous Menagerie                Summoning                    6
   Summon Hydra                       Summoning                    7
Miscellaneous
 m - a lantern of shadows
Comestibles
 e - 6 bread rations
 i - 4 meat rations
 W - a royal jelly


   Skills:
 - Level 8.3 Fighting
 - Level 2.2 Short Blades
 - Level 10.0 Dodging
 - Level 2.4 Stealth
 + Level 12.0 Spellcasting
 - Level 4.7 Conjurations
 - Level 1.1 Transmutations
 - Level 5.0 Earth Magic


You had 5 spell levels left.
You knew the following spells:

 Your Spells              Type           Power        Failure   Level  Hunger
a - Sandblast             Erth           ####..       1%          1    None
b - Stone Arrow           Conj/Erth      ####..       1%          3    None
d - Sting                 Conj/Pois      ###.         1%          1    None
e - Conjure Flame         Conj/Fire      ###.....     4%          3    None
o - Stoneskin             Trmt/Erth      ####....     6%          2    None
q - Iskenderun's Mystic   Conj           ####....     5%          4    None
r - Repel Missiles        Chrm/Air       ##....       17%         2    None
v - Blink                 Tloc           N/A          17%         2    None
C - Mephitic Cloud        Conj/Pois/Air  ###.....     5%          3    None
Y - Petrify               Trmt/Erth      ####....     34%         4    None
Z - Passwall              Trmt/Erth      ####......   12%         3    None


Dungeon Overview and Level Annotations

Branches:
Dungeon (9/15)             Temple (0/1) D:7
   Lair: D:8-11         Orc: D:9-12

Altars:
Elyvilon
Fedhas
Nemelex Xobeh
Vehumet
Yredelemnul
The Shining One

Shops:
D:4 }   D:5 *   D:8 %*?*?

Annotations:
D:4 Prince Ribbit
D:9 Maurice


Message History

Your surroundings suddenly seem different.
A troll comes into view.
You see here a spear.
Press: ? - help, v - describe, . - travel
Here: a troll (hasn't noticed you)
The floor.
Unknown command.
You start resting.
You start resting.
The troll shouts!
A shadow imp comes into view.
You see here a spear.
The shadow imp closely misses you.
You see here a giant spiked club.
The troll bites you.
* * * LOW HITPOINT WARNING * * *
The troll claws you!
* * * LOW HITPOINT WARNING * * *
The troll claws you!
You die...

▓.▓...▓.▓▓▓ ▓▓▓▓▓▓...▓▓▓.▓.▓ .▓
▓▓▓▓▓▓ ▓▓......▓▓▓ ▓.▓.▓▓▓.▓
▓....▓▓▓...▓▓▓.▓ ▓.▓.▓...▓
▓▓....▓≈≈...≈≈▓.▓ ▓▓▓.▓.....▓
......▓≈..♣..≈▓.▓▓▓...▓{▓...▓▓
................▓.▓...▓.▓......
........♣._.♣.........▓.▓▓'▓▓▓▓▓
................eT.............▓
......▓≈..♣..≈▓▓▓.▓.........▓▓▓▓
......▓≈≈...≈≈▓.............▓
▓▓▓▓▓.▓▓▓.5.▓▓▓5.<▓.▓.........
▓..▓▓▓.▓..▓.................
▓...).).......▓.............
▓▓......)..................
▓.▓▓.....▓...▓.▓.▓'▓..▓▓▓
▓.▓▓.▓▓.▓▓...▓.....▓..


You could see a troll.

Vanquished Creatures
  An oklob plant (D:8)
  Psyche (D:9)
  A deep elf mage (D:9)
  A trapdoor spider (D:9)
  2 wraiths (D:7)
  3 yaks (D:9)
  3 hungry ghosts (D:7)
  Menkaure (D:7)
  A sky beast (D:9)
  3 orc warriors
  3 centaurs
  5 phantoms
  4 ogres
  3 necrophages
  Duvessa (D:5)
  5 giant frogs
  An elf skeleton (D:7)
  2 wyvern zombies
  3 scorpions
  6 killer bees (D:8)
  A water moccasin skeleton (D:8)
  6 electric eels (D:9)
  A goliath beetle (D:8)
  Dowan (D:5)
  A giant frog zombie (D:6)
  8 hounds
  5 crimson imps
  2 centaur skeletons
  6 human zombies (D:7)
  12 jellies
  12 orc priests
  A human skeleton (D:7)
  7 orc wizards
  Natasha (thrice) (D:6)
  4 iguanas
  4 worker ants
  Ijyb (D:5)
  4 hound skeletons
  7 gnolls
  3 shadow imps
  2 giant mites
  6 adders
  A worm (D:5)
  2 adder skeletons
  An adder zombie (D:7)
  4 giant geckos
  11 oozes (D:8)
  41 orcs
  A ball python (D:4)
  2 bat skeletons
  A bat zombie (D:7)
  4 giant cockroaches
  20 goblins
  13 hobgoblins
  45 kobolds
  9 quokkas
  18 bats
  A giant gecko skeleton (D:5)
  6 giant newts
  11 jackals
  A quokka skeleton (D:6)
  14 rats
353 creatures vanquished.

Vanquished Creatures (others)
  A big kobold (D:9)
  A quokka (D:9)
  5 fungi (D:8)
7 creatures vanquished.

Grand Total: 360 creatures vanquished

Notes
Turn   | Place    | Note
--------------------------------------------------------------
     0 | D:1      | utis, the Deep Elf Earth Elementalist, began the quest for the Orb.
     0 | D:1      | Reached XP level 1. HP: 10/10 MP: 5/5
   117 | D:1      | Reached skill level 1 in Short Blades
   813 | D:1      | Reached XP level 2. HP: 15/15 MP: 6/8
  1432 | D:2      | Found a glowing golden altar of the Shining One.
  1456 | D:2      | Reached XP level 3. HP: 19/19 MP: 8/10
  2620 | D:2      | Reached skill level 4 in Dodging
  2992 | D:2      | Reached XP level 4. HP: 11/24 MP: 13/13
  4009 | D:3      | Reached skill level 1 in Fighting
  4791 | D:4      | Reached XP level 5. HP: 28/30 MP: 16/16
  4985 | D:4      | Found a blossoming altar of Fedhas.
  4985 | D:4      | Found a radiant altar of Vehumet.
  5058 | D:4      | Became a worshipper of Vehumet
  5252 | D:4      | Noticed Prince Ribbit
  5348 | D:4      | Reached skill level 5 in Dodging
  5353 | D:4      | Noticed an ogre
  5363 | D:4      | Killed an ogre
  5363 | D:4      | Reached XP level 6. HP: 35/37 MP: 18/18
  5390 | D:4      | Learned a level 2 spell: Stoneskin
  5394 | D:4      | Learned a level 3 spell: Stone Arrow
  5398 | D:4      | Learned a level 3 spell: Passwall
  5523 | D:4      | Found Vozaudwe's Gadget Shop.
  5755 | D:4      | Reached skill level 1 in Conjurations
  5903 | D:5      | Entered Level 5 of the Dungeon
  6016 | D:5      | Acquired Vehumet's first power
  6016 | D:5      | Offered knowledge of Flame Tongue by Vehumet.
  6393 | D:5      | Noticed Ijyb
  6400 | D:5      | Killed Ijyb
  6740 | D:5      | Reached skill level 6 in Dodging
  6740 | D:5      | Reached XP level 7. HP: 7/41 MP: 20/20
  7026 | D:5      | Found Creg's Assorted Antiques.
  7106 | D:5      | Bought a scroll of identify for 52 gold pieces
  7639 | D:6      | Reached skill level 7 in Dodging
  7705 | D:6      | Noticed Dowan
  7709 | D:6      | Noticed Duvessa
  7734 | D:5      | Killed Duvessa
  7748 | D:5      | Killed Dowan
  7748 | D:5      | Reached XP level 8. HP: 16/48 MP: 21/21
  8455 | D:6      | Reached skill level 5 in Fighting
  8522 | D:6      | Learned a level 4 spell: Petrify
  8690 | D:6      | Reached skill level 8 in Dodging
  8805 | D:5      | HP: 2/49 [orc/whip (5)]
  9065 | D:6      | Noticed Natasha
  9068 | D:6      | Killed Natasha
  9445 | D:6      | Noticed Natasha
  9448 | D:6      | Killed Natasha
  9681 | D:6      | Noticed Natasha
  9697 | D:6      | Killed Natasha
 10427 | D:6      | Reached skill level 5 in Earth Magic
 10529 | D:6      | Learned a level 3 spell: Mephitic Cloud
 10712 | D:7      | Reached skill level 5 in Spellcasting
 10712 | D:7      | Reached XP level 9. HP: 54/54 MP: 24/25
 11020 | D:7      | Offered knowledge of Sting by Vehumet.
 11023 | D:7      | Learned a level 1 spell: Sting
 11459 | D:7      | Noticed Menkaure
 11528 | D:7      | Killed Menkaure
 11628 | D:7      | Learned a level 3 spell: Conjure Flame
 11631 | D:7      | Learned a level 2 spell: Blink
 11727 | D:7      | Found a staircase to the Ecumenical Temple.
 12190 | D:7      | Offered knowledge of Static Discharge by Vehumet.
 12190 | D:7      | Reached skill level 9 in Spellcasting
 12345 | D:7      | Identified the Guide on the Volcanoes
 12366 | D:7      | Reached skill level 10 in Spellcasting
 12496 | D:7      | Found a basalt altar of Yredelemnul.
 12697 | D:7      | Reached skill level 11 in Spellcasting
 12702 | D:7      | Learned a level 2 spell: Repel Missiles
 12776 | D:7      | Acquired Vehumet's second power
 12893 | D:8      | Found Xauzxaat's Magic Scroll Emporium.
 13040 | D:8      | Found Ewkown's Magic Scroll Shoppe.
 13048 | D:8      | Bought a scroll of enchant weapon for 97 gold pieces
 13048 | D:8      | Bought a scroll of identify for 26 gold pieces
 13048 | D:8      | Bought a scroll of fear for 45 gold pieces
 13184 | D:8      | Offered knowledge of Iskenderun's Mystic Blast by Vehumet.
 13190 | D:8      | Learned a level 4 spell: Iskenderun's Mystic Blast
 13234 | D:8      | Found Emnuag's General Store.
 13348 | D:8      | Found Larov's General Store.
 13353 | D:8      | Bought a scroll of teleportation for 30 gold pieces
 13598 | D:8      | Reached XP level 10. HP: 30/59 MP: 32/32
 13786 | D:8      | Found a sparkling altar of Nemelex Xobeh.
 13822 | D:8      | Found Phoymel's Food Boutique.
 13886 | D:8      | Noticed an oklob plant
 14075 | D:8      | Reached skill level 10 in Dodging
 14180 | D:8      | Found a sparkling altar of Nemelex Xobeh.
 14181 | D:8      | Found Emnuag's General Store.
 14241 | D:8      | Found Phoymel's Food Boutique.
 14366 | D:8      | Found Xauzxaat's Magic Scroll Emporium.
 14420 | D:8      | Acquired Vehumet's third power
 14488 | D:8      | Found Larov's General Store.
 14512 | D:8      | Offered knowledge of Venom Bolt by Vehumet.
 15044 | D:8      | Killed an oklob plant
 15225 | D:9      | Noticed Psyche
 15230 | D:9      | Killed Psyche
 16317 | D:9      | Noticed Maurice
 16797 | D:9      | Offered knowledge of Bolt of Magma by Vehumet.
 17173 | D:5      | Bought a glowing ring mail for 104 gold pieces
 17800 | D:9      | Found a white marble altar of Elyvilon.
 18932 | D:9      | Reached skill level 12 in Spellcasting
 19136 | D:9      | Slain by a troll

Action                   |  1- 3 |  4- 6 |  7- 9 | 10-12 || total
-------------------------+-------+-------+-------+-------++-------
Melee: Dagger            |    59 |   201 |   534 |   215 ||  1009
Throw: Stone             |     6 |     8 |       |       ||    14
       Tomahawk          |       |    10 |    22 |    11 ||    43
 Cast: Sandblast         |    53 |    19 |     2 |       ||    74
       Stone Arrow       |       |       |    65 |    80 ||   145
       Sting             |       |       |    25 |   117 ||   142
       Repel Missiles    |       |       |     1 |     4 ||     5
       Stoneskin         |       |       |       |     2 ||     2
  Use: Scroll            |       |     4 |    15 |     6 ||    25
       Potion            |       |       |     4 |     1 ||     5
 Stab: Sleeping          |     1 |     3 |     4 |     1 ||     9
  Eat: Chunk             |     6 |    12 |    19 |     6 ||    43
       Meat ration       |       |       |     1 |     1 ||     2
       Pizza             |       |       |     1 |       ||     1
       Beef jerky        |       |       |       |     3 ||     3
       Bread ration      |       |       |       |     1 ||     1
